Map: 16 bits EC

Players

HoldTheDoor

  • Race: Protoss Protoss
  • League: Diamond
  • Spawn Location: 7:00

OliFour - Winner!

  • Race: Zerg Zerg
  • League: Diamond
  • Spawn Location: 1:00

VOD

Have the link to the VOD?

Description

Time

  • Played on: July 7, 2018, 8:52 a.m.
  • Length: 9:12
Show
View Real Time Build Order
Export as new Build Order

HoldTheDoor Protoss 

Build Orders: 1 Gate Expand 

Get SALT Encoding   

  12  0:00  Probe  
  13  0:12  Probe  
  14  0:30  Probe  
  14  0:31  Pylon  
  15  0:45  Assimilator  
  15  0:49  Probe  
  16  0:56  Gateway  
  16  1:01  Gateway  
  16  1:07  Probe  
  17  1:19  Probe  
  18  1:31  Probe  
  19  1:42  Nexus  
  19  1:55  Cybernetics Core  
  19  2:01  Pylon  
  19  2:02  Probe  
  20  2:11  Assimilator, Probe  
  21  2:19  Probe  
  22  2:30  Probe  
  23  2:40  Pylon  
  23  2:42  Probe, Adept  
  28  2:44  Sentry  
  28  2:46  Warp Gate  
  28  2:54  Probe x2  
  30  3:03  Twilight Council  
  30  3:09  Adept  
  30  3:10  Probe  
  33  3:16  Probe  
  33  3:19  Adept  
  36  3:23  Probe  
  37  3:28  Probe  
  38  3:36  Robotics Facility  
  38  3:40  Adept  
  40  3:44  Probe  
  40  3:46  Probe  
  40  3:47  Sentry  
  44  3:56  Pylon  
  44  4:01  Resonating Glaives  
  44  4:03  Probe x2  
  46  4:14  Pylon  
  46  4:15  Probe x2  
  48  4:23  Warp Prism  
  50  4:27  Pylon  
  50  4:28  Probe x2  
  52  4:35  Gateway  
  52  4:40  Probe  
  53  4:52  Probe x2  
  55  4:53  Sentry x2  
  55  4:59  Immortal  
  63  5:04  Probe x2  
  65  5:09  Pylon  
  65  5:15  Gateway  
  65  5:16  Probe x2, Gateway  
  65  5:19  Gateway  
  67  5:22  Gateway  
  67  5:28  Probe  
  67  5:35  Pylon  
  68  5:36  Gateway  
  68  5:39  Immortal  
  72  6:01  Adept x3  
  78  6:33  Adept x5  
  88  6:45  Pylon  
  88  6:50  Adept x2  
  88  6:51  Adept  
  88  6:52  Pylon  
  94  6:56  Pylon  
  94  6:58  Pylon  
  94  6:59  Pylon  
  94  7:00  Pylon  
  94  7:01  Pylon  
  94  7:07  Adept  
  94  7:08  Adept x3  
  102  7:10  Adept  
  102  7:11  Nexus  
  102  7:12  Adept  
  106  7:23  Adept x2  
  76  7:40  Adept x3  
  76  7:41  Adept  
  76  7:42  Adept x2  
  74  7:48  Adept x2  
  76  8:01  Adept x4  
  76  8:02  Adept x2  
  82  8:09  Adept x2  
  68  8:22  Adept  
  68  8:23  Adept x5  
  78  8:39  Adept x2  
  74  8:48  Adept  
  74  8:49  Adept x2  
  74  8:52  Zealot x2  
  74  8:53  Zealot  
  72  9:07  Zealot x2  
Show
View Real Time Build Order
Export as new Build Order

OliFour Zerg - Winner!

Build Orders: Hatch First 

Get SALT Encoding   

  12  0:01  Drone  
  13  0:08  Drone  
  14  0:17  Overlord  
  14  0:35  Drone  
  14  0:36  Drone  
  16  0:46  Drone  
  17  0:55  Hatchery  
  16  0:58  Drone  
  17  1:06  Extractor  
  17  1:08  Drone  
  17  1:18  Spawning Pool  
  17  1:22  Drone  
  17  1:28  Drone  
  17  1:30  Drone  
  19  1:41  Drone  
  20  1:52  Drone  
  21  2:04  Overlord  
  21  2:13  Hatchery  
  21  2:15  Drone x2  
  22  2:24  Drone x2  
  22  2:29  Queen  
  26  2:33  Drone  
  26  2:36  Drone  
  28  2:45  Queen  
  28  2:48  Drone  
  28  2:51  Drone  
  32  2:53  Drone  
  32  2:58  Metabolic Boost  
  33  3:01  Drone  
  34  3:06  Overlord  
  34  3:11  Drone  
  35  3:13  Drone  
  35  3:18  Lair  
  36  3:26  Queen  
  38  3:29  Drone  
  38  3:30  Drone x3  
  38  3:33  Drone  
  43  3:36  Drone  
  43  3:38  Drone  
  43  3:40  Drone  
  46  3:41  Drone  
  46  3:43  Drone  
  46  3:47  Drone  
  49  3:51  Drone  
  50  3:58  Drone, Spore Crawler  
  50  4:01  Overlord  
  50  4:03  Overlord  
  50  4:06  Extractor  
  50  4:07  Drone  
  50  4:11  Spore Crawler  
  50  4:12  Extractor  
  50  4:13  Drone x2  
  50  4:18  Roach Warren, Drone  
  50  4:22  Queen  
  52  4:25  Extractor, Drone  
  52  4:26  Drone x2  
  52  4:27  Drone x2  
  56  4:34  Queen  
  56  4:35  Drone x4  
  62  4:39  Overlord  
  62  4:40  Overlord  
  62  4:48  Hydralisk Den  
  62  4:51  Drone  
  62  4:52  Drone  
  63  4:53  Drone x2  
  63  4:55  Overlord, Zergling x2  
  63  4:58  Glial Reconstitution  
  66  5:11  Roach x2  
  66  5:12  Roach x3  
  76  5:24  Spine Crawler  
  76  5:25  Spine Crawler, Drone  
  76  5:26  Drone x2  
  77  5:29  Hydralisk, Drone  
  77  5:30  Hydralisk x2  
  77  5:33  Grooved Spines  
  77  5:34  Drone x2  
  87  5:35  Drone  
  87  5:37  Overlord  
  87  5:46  Drone  
  88  5:54  Hydralisk  
  90  5:57  Overlord x2, Spore Crawler  
  90  5:59  Overseer  
  90  6:03  Evolution Chamber x2  
  87  6:06  Evolution Chamber  
  87  6:07  Hydralisk x3  
  87  6:08  Hydralisk  
  94  6:17  Tunneling Claws  
  93  6:27  Drone  
  93  6:29  Roach, Hydralisk  
  93  6:30  Roach, Hydralisk x3  
  93  6:31  Zergling x6  
  109  6:36  Zerg Melee Weapons Level 1  
  109  6:39  Extractor  
  109  6:40  Drone x3  
  109  6:41  Extractor, Drone x3  
  109  6:42  Overlord  
  109  6:44  Muscular Augments  
  113  6:48  Zerg Missile Weapons Level 1  
  113  7:04  Overseer  
  113  7:06  Zerg Ground Armor Level 1  
  113  7:09  Hatchery  
  113  7:12  Roach  
  113  7:13  Roach, Hydralisk x2  
  113  7:14  Overlord  
  118  7:28  Zergling x16  
  118  7:29  Zergling x2  
  103  7:38  Zergling x6  
  101  7:44  Zergling x4  
  101  7:49  Hydralisk  
  104  7:52  Hydralisk  
  104  7:53  Hydralisk  
  107  8:05  Zergling x6  
  95  8:12  Zergling x6  
  80  8:21  Roach  
  80  8:23  Roach  
  80  8:24  Roach x6  
  80  8:25  Roach x4  
  102  8:27  Zergling x2  
  101  8:35  Roach  
  101  8:36  Roach x3  
  99  8:44  Roach x2  
  100  8:49  Roach x2  
Tags
 
Add a new tag
Caveats
  • Supply blocks, unpowered buildings, or Contaminate may cause inaccurate times.
  • Supply counts are checked every 10 seconds.